 Dungeon Crawl Stone Soup version 0.30.0-5-g1a98f26d00 (webtiles) character file.

Game seed: 13640978170372026527

85 randart the Conjurer (level 4, -1/24 HPs)
             Began as a Deep Elf Conjurer on May 9, 2023.
             Killed from afar by an orc wizard (3 damage)
             ... with a puff of flame
             ... on level 3 of the Dungeon.
             The game lasted 00:15:21 (2599 turns).

randart the Conjurer (Deep Elf Conjurer)            Turns: 2599, Time: 00:15:21

Health: -1/24      AC:  6    Str:  4    XL:     4   Next: 25%
Magic:  8/10       EV: 12    Int: 25    God:
Gold:   65         SH:  0    Dex: 13    Spells: 6/9 levels left

rFire   . . .        p - +2 dagger (speed)
rCold   . . .        (no shield)
rNeg    . . .        d - +0 robe
rPois   .            k - +1 helmet
rElec   .            (no cloak)
rCorr   .            (no gloves)
SInv    .            (no boots)
Will    .....        (no amulet)
Stlth   +            (no ring)
HPRegen 0.24/turn    (no ring)
MPRegen 0.12/turn

%: no passive effects
@: confused, flying
A: iridescent scales 1, deterioration 1, wild magic 1
a: no special abilities


You were on level 3 of the Dungeon.
You visited 1 branch of the dungeon, and saw 3 of its levels.

You collected 65 gold pieces.

Inventory:

Hand Weapons
 a - a +1 dagger of flaming
 b - a +3 dagger
 p - a +2 dagger of speed (weapon)
Missiles
 l - 9 poisoned darts
 m - 6 curare-tipped darts
Armour
 d - a +0 robe (worn)
 k - a +1 helmet (worn)
Scrolls
 g - 2 scrolls of identify
 h - 2 scrolls of vulnerability
Potions
 f - a potion of heal wounds {unknown}
 i - a potion of magic
 j - 2 potions of mutation


   Skills:
 - Level 2.4 Dodging
 - Level 2.4 Stealth
 - Level 3.0 Spellcasting
 + Level 6.4 Conjurations


You had 6 spell levels left.
You knew the following spells:

 Your Spells              Type           Power      Damage    Failure   Level
a - Magic Dart            Conj           100%       1d8       1%          1
b - Searing Ray           Conj           92%        2d7       2%          2

Your spell library contained the following spells:

 Spells                   Type           Power      Damage    Failure   Level
 Momentum Strike          Conj/Tloc      50%        3d9       7%          2
 Dazzling Flash           Conj/Hex       50%        N/A       13%         3
 Beastly Appendage        Tmut           8%         N/A       14%         1
 Blink                    Tloc           8%         N/A       22%         2
 Lesser Beckoning         Tloc           8%         N/A       22%         2
 Wereblood                Tmut           4%         N/A       22%         2
 Fulminant Prism          Conj/Hex       12%        3d8       34%         4
 Iskenderun's Mystic Bla  Conj/Tloc      25%        2d7       34%         4
 Spider Form              Tmut/Pois      4%         N/A       38%         3


Dungeon Overview and Level Annotations

Branches:
Dungeon (3/15)

Altars:
Gozag

Shops:
D:3 *


Innate Abilities, Weirdness & Mutations

You are partially covered in iridescent scales. (AC +2)
Your body sometimes deteriorates upon taking damage.
Your spells are a little harder to cast, but a little more powerful.


Message History

Something hits you but does no damage. Something hits you.
You hear some strange, mumbled words.
Something tries to affect you, but you resist.
Something is attracted toward you.
Unknown command.
You miss something. Something hits you.
You hit something. You hit something. Something hits you.
* * * LOW HITPOINT WARNING * * *
You barely miss something.
You hear some strange, mumbled words.
A magic dart appears from out of thin air!
The magic dart hits you.
* * * LOW HITPOINT WARNING * * *
Aiming: Magic Dart (safe; 1% risk of failure)
Press: ? - help, Q - select action, (/) - cycle Shift-Dir - straight line The magic dart hits something.
You hear some strange, mumbled words.
A puff of flame appears from out of thin air!
The puff of flame misses you.
You feel less attractive to monsters.
Okay, then.
Aiming: Magic Dart (safe; 1% risk of failure)
Press: ? - help, Q - select action, (/) - cycle Shift-Dir - straight line The magic dart hits something but does no damage.
You hear some strange, mumbled words.
You are confused.
It was a potion of mutation.
You feel extremely strange.
You feel yourself wasting away.
You feel less in control of your magic.
Iridescent scales grow over part of your body.
Something hits you.
* * * LOW HITPOINT WARNING * * *
It was a potion of flight.
You feel very buoyant.
You fly up into the air.
An orc wizard appears from thin air!
Reactivating autopickup.
The orc wizard hits you but does no damage.
The orc wizard points at you and mumbles some strange words.
The puff of flame hits you.
You die...

#.###......# #.............
####.###...#### #.............
#.........#######.............
#.#.......<....>#.............
#.........###.......<.........
#....####.###.#.#.##..##......
#.....##...##.#.#.##..#####..#
#.....#.###.#.....##..#####..#
#......## ##.@....##.........#
#...#..# #o#...####.###.##.#
#.....)## ##.##.## #.# #.##.#
##..#.#.###..##.# #.###.##.#
#.....#...#..#.# #.##...#.#
#..............# #........#
#.#...##.###.### #.##...###
#.##.###.###.#######.###.## #.
#.###.............# #.#


You could see an orc wizard.

Vanquished Creatures
  2 adders (D:2)
  A worm (D:2)
  3 dart slugs
  7 bats
  4 endoplasms (D:1)
  5 goblins
  7 hobgoblins
  3 jackals (D:1)
  2 quokkas
  4 ball pythons
  4 frilled lizards
  9 kobolds
  6 rats (D:1)
57 creatures vanquished.

Notes
Turn   | Place    | Note
-------+----------+-------------------------------------------
     0 | D:1      | randart the Deep Elf Conjurer began the quest for the Orb.
     0 | D:1      | Reached XP level 1. HP: 10/10 MP: 6/6
   168 | D:1      | Reached XP level 2. HP: 15/15 MP: 6/8
   171 | D:1      | Learned a level 2 spell: Searing Ray
   249 | D:1      | Reached skill level 5 in Conjurations
   592 | D:1      | Reached XP level 3. HP: 19/19 MP: 5/9
  1718 | D:2      | Reached skill level 6 in Conjurations
  2060 | D:2      | Reached XP level 4. HP: 24/24 MP: 8/10
  2292 | D:3      | Found Gozag's Platinum Reserve.
  2294 | D:3      | Found an opulent altar of Gozag.
  2597 | D:3      | Gained mutation: Your body sometimes deteriorates upon
                  | taking damage. [potion of mutation]
  2597 | D:3      | Gained mutation: Your spells are a little harder to cast,
                  | but a little more powerful. [potion of mutation]
  2597 | D:3      | Gained mutation: You are partially covered in iridescent
                  | scales. (AC +2) [potion of mutation]
  2597 | D:3      | HP: 1/24 [something (2)]
  2599 | D:3      | Killed from afar by an orc wizard

Illustrated notes

Levels and vault maps discovered:
D:1:      tarquinn_simple_flora_water_a, layout_basic, serial_glass,
          glass_columns_a, glass_columns_c, due_unseen_surprise,
          minmay_pentomino_q4
D:2:      layout_basic, minivault_11
D:3:      layout_loops_ring, nicolae_gozag_zags_fifth_avenue,
          gammafunk_ghost_icy, grunt_decor_arrowhead

Skill      XL: |  1  2  3 |
---------------+----------+-----
Conjurations   | 5 6 |  6.4
Dodging        | |  2.4
Stealth        | |  2.4
Spellcasting   | |  3.0

Action                     |  1- 3 |  4- 6 || total
---------------------------+-------+-------++-------
  Melee: Dagger            |     2 |     8 ||    10
   Cast: Magic Dart        |    92 |    25 ||   117
    Use: Potion            |       |     4 ||     4
         Scroll            |       |     2 ||     2
 Armour: Robe              |     3 |     8 ||    11
  Dodge: Dodged            |     3 |     4 ||     7
